 Dungeon Crawl Stone Soup version 0.29.0-4-gdea44cf6ec (webtiles) character file.

Game seed: 4048625637171739111

124 qw the Chopper (level 5, -3/30 HPs)
             Began as a Tengu Warper on Aug 28, 2022.
             Slain by Blork the orc
             ... wielding a +2 mace of protection
              (10 damage)
             ... on level 4 of the Dungeon.
             The game lasted 00:00:19 (2477 turns).

qw the Chopper (Tengu Warper)                       Turns: 2477, Time: 00:00:19

Health: -3/30      AC: 10    Str: 13    XL:     5   Next: 8%
Magic:  9/9        EV: 11    Int: 14    God:
Gold:   187        SH:  0    Dex: 19    Spells: 8/8 levels left

rFire   . . .      SeeInvis .   Y - +1 hand axe
rCold   . . .      Faith    .   (no shield)
rNeg    . . .      Spirit   .   n - +0 scale mail
rPois   .          Reflect  .   (helmet restricted)
rElec   .          Harm     .   (no cloak)
rCorr   .          Rampage  .   (no gloves)
Will    .....                   (boots unavailable)
Stlth   ..........              (no amulet)
HPRegen 0.10/turn               e - +6 ring of dexterity
MPRegen 0.11/turn               i - +4 ring of protection

@: flying quickly and evasively, quick
A: beak, talons 3, nimble flight
a: no special abilities


You were on level 4 of the Dungeon.
You visited 1 branch of the dungeon, and saw 4 of its levels.

You collected 187 gold pieces.


Innate Abilities, Weirdness & Mutations

You have a beak for a mouth.
You have claws for feet.
Your magical nature lets you fly swiftly and evasively.


   Skills:
 - Level 2.0 Fighting
 + Level 5.6 Axes
 - Level 1.0 Throwing
 - Level 1.1 Armour
 - Level 2.1 Dodging
 - Level 2.0 Spellcasting
 - Level 2.4 Translocations


You had 8 spell levels left.
You didn't know any spells.
Your spell library contained the following spells:

 Spells                   Type           Power      Damage    Failure   Level
 Blink                    Tloc           16%        N/A       54%         2
 Gell's Gravitas          Tloc           8%         N/A       78%         3
 Lesser Beckoning         Tloc           8%         N/A       78%         3
 Teleport Other           Tloc           8%         N/A       78%         3
 Manifold Assault         Tloc           8%         N/A       100%        5

Inventory:

Hand Weapons
 f - a +0 whip
 Y - a +1 hand axe (weapon)
Missiles
 m - 2 boomerangs (quivered)
Armour
 c - a +0 buckler
 n - a +0 scale mail (worn)
Jewellery
 e - a +6 ring of dexterity (left hand)
 i - a +4 ring of protection (right hand)
Scrolls
 g - a scroll of identify
Potions
 a - a potion of ambrosia {unknown}
 b - 2 potions of curing
 l - a potion of haste
 o - a potion of magic {unknown}

Dungeon Overview and Level Annotations

Branches:
Dungeon (4/15)
 Temple: D:4-7

Altars:
Uskayaw
Yredelemnul

Annotations:
D:4 Blork the orc


Message History

Found an adder corpse.
Blork the orc comes into view.
He is wielding a +2 mace of protection.
Found a goblin corpse.
Blork the orc shouts!
2463 ||| Stepping ~*~*~tactically~*~*~ (hiding).
Found a ball python corpse.
2464 ||| Stepping ~*~*~tactically~*~*~ (hiding).
2465 ||| Stepping ~*~*~tactically~*~*~ (hiding).
You start waiting.
Blork the orc is nearby!
Blork the orc gestures at you while chanting.
The magic dart hits you!
Blork the orc hits you with a +2 mace of protection.
You hit Blork the orc but do no damage. Blork the orc closely misses you.
You barely miss Blork the orc. Your kick misses Blork the orc.
Blork the orc hits you with a +2 mace of protection.
A ball python comes into view.
The ball python hisses angrily.
You hit Blork the orc but do no damage. Blork the orc closely misses you.
You hit Blork the orc but do no damage.
You claw Blork the orc, but do no damage.
You peck Blork the orc.
Blork the orc is lightly wounded.
Blork the orc hits you with a +2 mace of protection.
You hit Blork the orc but do no damage. Your kick misses Blork the orc.
You peck Blork the orc.
Blork the orc is lightly wounded.
Blork the orc hits you with a +2 mace of protection.
You hit Blork the orc but do no damage.
Blork the orc is lightly wounded.
Blork the orc completely misses you.
You hit Blork the orc but do no damage.
Blork the orc is lightly wounded.
Blork the orc barely misses you.
You completely miss Blork the orc.
Blork the orc is lightly wounded.
Blork the orc hits you with a +2 mace of protection!
You die...

..........#
#######.##########
. #........... #.
#.########## ...
##.# .%.% #..#
.....###..#
._...So...#
.....##@..# .?.
##..# % #..# #..#
#..# #..# ...#
#.## ...


You could see Blork the orc and a ball python.

Vanquished Creatures
  An orc priest (D:3)
  An adder (D:3)
  A dart slug (D:2)
  4 orcs
  9 bats
  9 endoplasms
  4 giant cockroaches
  4 goblins
  6 hobgoblins
  7 jackals
  6 kobolds
  11 ball pythons
  2 frilled lizards (D:3)
  6 rats
  A spectral orc (D:3)
72 creatures vanquished.

Vanquished Creatures (others)
  2 plants (D:3)
2 creatures vanquished.

Grand Total: 74 creatures vanquished

Notes
Turn   | Place    | Note
-------+----------+-------------------------------------------
     0 | D:1      | qw the Tengu Warper began the quest for the Orb.
     0 | D:1      | Reached XP level 1. HP: 12/12 MP: 4/4
     0 | D:1      | 0 ||| qw: Version: 0.1-a-89-g26bdef1
     0 | D:1      | 0 ||| qw: Game counter: 1245
     0 | D:1      | 0 ||| qw: Always use a shield: true
     0 | D:1      | 0 ||| qw: God list: Okawaru
     0 | D:1      | 0 ||| qw: Allow faded altars: false
     0 | D:1      | 0 ||| qw: Do Orc after D:15 true
     0 | D:1      | 0 ||| qw: Do second Lair branch before Depths: true
     0 | D:1      | 0 ||| qw: Lair rune preference: random
     0 | D:1      | 0 ||| qw: Plans: Normal
     0 | D:1      | 0 ||| PLANNING D:1-11
   182 | D:1      | Reached skill level 3 in Axes
   182 | D:1      | Reached XP level 2. HP: 16/17 MP: 6/6
   304 | D:1      | 304 ||| Stepping ~*~*~tactically~*~*~ (stealth).
   670 | D:1      | Reached XP level 3. HP: 21/21 MP: 7/7
   895 | D:1      | 895 ||| UPGRADING to +0 ring mail.
   905 | D:1      | 905 ||| DROPPING +0 leather armour.
   906 | D:1      | 906 ||| UPGRADING to +6 ring of dexterity.
   907 | D:1      | 907 ||| UPGRADING to +4 ring of protection.
   908 | D:1      | 908 ||| READING scroll labelled XYGANGAOLA.
   912 | D:1      | 912 ||| READING 5 scrolls labelled OREDDI JISYLAQ.
   913 | D:1      | 913 ||| READING scroll labelled HOLLEI VECLEU.
   914 | D:1      | 914 ||| READING scroll labelled FATAPYIMUU.
   915 | D:1      | 915 ||| READING 4 scrolls of identify.
   915 | D:1      | 915 ||| IDENTIFYING puce potion
   916 | D:1      | 916 ||| READING 3 scrolls of identify.
   916 | D:1      | 916 ||| IDENTIFYING white potion
   917 | D:1      | 917 ||| READING 2 scrolls of identify.
   917 | D:1      | 917 ||| IDENTIFYING ruby potion
   918 | D:1      | 918 ||| DROPPING scroll of blinking.
   919 | D:1      | 919 ||| DROPPING potion of berserk rage.
   954 | D:2      | 954 ||| Stepping ~*~*~tactically~*~*~ (hiding).
   963 | D:2      | Reached skill level 4 in Axes
   976 | D:2      | 976 ||| Stepping ~*~*~tactically~*~*~ (stealth).
  1062 | D:2      | 1062 ||| Stepping ~*~*~tactically~*~*~ (stealth).
  1107 | D:2      | 1107 ||| FLEEEEING.
  1108 | D:2      | 1108 ||| FLEEEEING.
  1109 | D:2      | 1109 ||| FLEEEEING.
  1110 | D:2      | 1110 ||| FLEEEEING.
  1111 | D:2      | 1111 ||| FLEEEEING.
  1112 | D:2      | 1112 ||| FLEEEEING.
  1113 | D:2      | 1113 ||| FLEEEEING.
  1114 | D:2      | 1114 ||| FLEEEEING.
  1115 | D:2      | 1115 ||| FLEEEEING.
  1116 | D:2      | 1116 ||| FLEEEEING.
  1117 | D:2      | 1117 ||| FLEEEEING.
  1118 | D:2      | 1118 ||| FLEEEEING.
  1119 | D:2      | 1119 ||| FLEEEEING.
  1120 | D:2      | 1120 ||| FLEEEEING.
  1121 | D:2      | 1121 ||| FLEEEEING.
  1122 | D:2      | 1122 ||| FLEEEEING.
  1123 | D:2      | 1123 ||| FLEEEEING.
  1124 | D:2      | 1124 ||| FLEEEEING.
  1125 | D:2      | 1125 ||| FLEEEEING.
  1126 | D:2      | 1126 ||| FLEEEEING.
  1127 | D:2      | 1127 ||| FLEEEEING.
  1128 | D:2      | 1128 ||| FLEEEEING.
  1129 | D:2      | 1129 ||| FLEEEEING.
  1130 | D:2      | 1130 ||| FLEEEEING.
  1131 | D:2      | 1131 ||| FLEEEEING.
  1132 | D:2      | 1132 ||| FLEEEEING.
  1133 | D:2      | 1133 ||| FLEEEEING.
  1134 | D:2      | 1134 ||| FLEEEEING.
  1135 | D:2      | 1135 ||| FLEEEEING.
  1136 | D:2      | 1136 ||| FLEEEEING.
  1137 | D:2      | 1137 ||| FLEEEEING.
  1138 | D:2      | 1138 ||| FLEEEEING.
  1139 | D:2      | 1139 ||| FLEEEEING.
  1140 | D:2      | 1140 ||| STAIRDANCE
  1257 | D:1      | 1257 ||| DROPPING scarf of invisibility.
  1258 | D:1      | 1258 ||| READING scroll labelled IDOHAXTOMM.
  1259 | D:1      | 1259 ||| READING 2 scrolls of identify.
  1259 | D:1      | 1259 ||| IDENTIFYING dark potion
  1317 | D:2      | 1317 ||| Stepping ~*~*~tactically~*~*~ (stealth).
  1318 | D:2      | 1318 ||| Stepping ~*~*~tactically~*~*~ (stealth).
  1381 | D:2      | Found a faded altar of an unknown god.
  1392 | D:2      | 1392 ||| Stepping ~*~*~tactically~*~*~ (water).
  1634 | D:2      | 1634 ||| READING 2 scrolls of identify.
  1634 | D:2      | 1634 ||| IDENTIFYING murky sapphire potion
  1635 | D:2      | 1635 ||| DROPPING potion of degeneration.
  1804 | D:3      | Reached XP level 4. HP: 26/26 MP: 8/8
  1809 | D:3      | 1809 ||| Stepping ~*~*~tactically~*~*~ (stealth).
  1817 | D:3      | 1817 ||| Stepping ~*~*~tactically~*~*~ (stealth).
  1901 | D:3      | 1901 ||| Stepping ~*~*~tactically~*~*~ (stealth).
  1902 | D:3      | 1902 ||| Stepping ~*~*~tactically~*~*~ (stealth).
  2018 | D:3      | Reached skill level 5 in Axes
  2145 | D:3      | 2145 ||| Stepping ~*~*~tactically~*~*~ (stealth).
  2199 | D:3      | HP: 4/26 [orc priest/divine providence (9)]
  2200 | D:3      | 2200 ||| READING scroll of teleportation.
  2201 | D:3      | 2201 ||| DRINKING potion of heal wounds.
  2203 | D:3      | Found a basalt altar of Yredelemnul.
  2245 | D:3      | Gained mutation: Your magical nature lets you fly swiftly
                  | and evasively. [Tengu growth]
  2245 | D:3      | Reached XP level 5. HP: 29/30 MP: 9/9
  2386 | D:3      | 2386 ||| UPGRADING to +0 scale mail.
  2396 | D:3      | 2396 ||| DROPPING +0 ring mail.
  2397 | D:3      | 2397 ||| READING scroll labelled UHUEQIOGAI.
  2398 | D:3      | 2398 ||| READING scroll labelled YWE ALAUFFAFA.
  2399 | D:3      | 2399 ||| READING 2 scrolls of identify.
  2399 | D:3      | 2399 ||| IDENTIFYING bubbling white potion
  2400 | D:3      | 2400 ||| DROPPING potion of attraction.
  2460 | D:4      | Found a hide-covered altar of Uskayaw.
  2462 | D:4      | Noticed Blork the orc
  2463 | D:4      | 2463 ||| Stepping ~*~*~tactically~*~*~ (hiding).
  2464 | D:4      | 2464 ||| Stepping ~*~*~tactically~*~*~ (hiding).
  2465 | D:4      | 2465 ||| Stepping ~*~*~tactically~*~*~ (hiding).
  2474 | D:4      | HP: 7/30 [Blork the orc/+2 mace of protection (5)]
  2477 | D:4      | Slain by Blork the orc

Levels and vault maps discovered:
D:1:      pf_arrival_petrified_forest, layout_loops_ring, minmay_small_reverse_x
D:2:      layout_rooms, chequers_ecumenical_altar_island, serial_corexii_hall,
          corexii_hall_statues_t, corexii_hall_statues_s
D:3:      cheibrodos_old_hovel, layout_loops_ring,
          yredelemnul_forgotten_temple_becter, glass_columns_b
D:4:      layout_loops_ring, nicolae_uskayaw_murder_on_the_dancefloor,
          uniq_blork_the_orc

Skill      XL: |  1  2  3  4 |
---------------+-------------+-----
Axes           | 3 4 5 |  5.6
Fighting       | |  2.0
Throwing       | |  1.0
Armour         | |  1.1
Dodging        | |  2.1
Spellcasting   | |  2.0
Translocations | |  2.4

Action                   |  1- 3 |  4- 6 || total
-------------------------+-------+-------++-------
Melee: Hand axe          |    90 |    56 ||   146
       Kick              |    19 |    13 ||    32
       Peck              |    13 |     9 ||    22
Throw: Boomerang         |     7 |     4 ||    11
  Use: Scroll            |    10 |     4 ||    14
       Potion            |       |     1 ||     1
Armor: Leather armour    |    10 |       ||    10
       Ring mail         |    19 |    16 ||    35
Dodge: Dodged            |    54 |    23 ||    77

Table legend:
 A = Non-vault XP
 B = Vault XP
 C = Vault XP percentage of total XP
 D = Non-vault monster count
 E = Vault monster count
 F = Vault count percentage of total count
                 A         B        C        D         E       F
            +---------+---------+-------+---------+---------+-------
      Total |     168 |      10 |   5.6 |      66 |       6 |   8.3
            +---------+---------+-------+---------+---------+-------
        D:1 |      33 |       6 |  15.4 |      19 |       4 |  17.4
        D:2 |      39 |       0 |   0.0 |      23 |       0 |   0.0
        D:3 |      93 |       4 |   4.1 |      23 |       2 |   8.0
        D:4 |       3 |       0 |   0.0 |       1 |       0 |   0.0
            +---------+---------+-------+---------+---------+-------
